[Event "ICCopen2017"]
[Site "Internet Chess Club"]
[Date "2017.04.02"]
[Round "4"]
[White "msenger"]
[Black "SasaMike"]
[Result "1-0"]
[ICCResult "Black resigns"]
[WhiteElo "1485"]
[BlackElo "1696"]
[Opening "Ruy Lopez: Schliemann defense"]
[ECO "C63"]
[NIC "RL.06"]
[Time "19:40:52"]
[TimeControl "180+0"]

1. e4 e5 2. Nf3 Nc6 3. Bb5 f5 4. Bxc6 dxc6 5. exf5 e4 6. Ng1 Bxf5 7. Nc3 Nf6
8. Qe2 Bd6 9. d3 O-O 10. dxe4 Nxe4 11. Nxe4 Bxe4 12. Nf3 Bxf3 13. gxf3 Re8
14. Be3 Bf4 15. Qc4+ Qd5 16. Qxf4 Rf8 17. Qe4 Qb5 18. O-O-O Rae8 19. Qd3 Qa4
20. Qb3+ Qxb3 21. axb3 Rxf3 22. Rd7 Rf7 23. Rxf7 Kxf7 24. Rg1 g6 25. Rd1 Re7
26. Bg5 Re5 27. Bh4 g5 28. Bg3 Re7 29. f3 c5 30. Re1 Rxe1+ 31. Bxe1 c6 32.
Bf2 Ke6 33. Bxc5 b6 34. Be3 Kf5 35. Kd2 c5 36. Kd3 h5 37. Kc4 g4 38. fxg4+
Kxg4 39. Kb5 Kf3 40. Bg5 Kg2 41. Bf4 Kf3 42. Bb8 h4 43. Bxa7 h3 44. Bxb6 Ke3
45. Bxc5+ Kd2 46. Bd6 Kxc2 47. b4 Kxb2 48. Kc4 Ka3 49. b5+ Ka4 50. Kc5 Ka5
51. Kc6 Ka4 52. b6 Kb3 53. b7 Kc4 54. b8=Q Kd4 55. Qb4+ {Black resigns} 1-0

[Event "ICCopen2017"]
[Site "Internet Chess Club"]
[Date "2017.04.02"]
[Round "4"]
[White "cap78red"]
[Black "Chamanx"]
[Result "0-1"]
[ICCResult "White checkmated"]
[WhiteElo "1250"]
[BlackElo "1366"]
[Opening "English opening"]
[ECO "A22"]
[NIC "EO.09"]
[Time "19:41:39"]
[TimeControl "180+0"]

1. c4 e5 2. Nc3 Nf6 3. Nf3 Bc5 4. g3 Ng4 5. e3 O-O 6. Ne4 Bb6 7. a3 f5 8. c5
fxe4 9. Bh3 Nf6 10. cxb6 exf3 11. Qxf3 axb6 12. Qe2 Ne4 13. Qc4+ d5 14. Qd3
Nxf2 15. Be6+ Kh8 16. Qxd5 Qxd5 17. Bxd5 Nxh1 18. Bxh1 Bh3 19. d4 Rf1+ 20.
Ke2 Rxh1 21. Bd2 Rxa1 22. Be1 Rxe1+ 23. Kxe1 exd4 24. exd4 Ra4 25. Kd2 Rxd4+
26. Kc3 Rd6 27. b4 Rf6 28. g4 Bxg4 29. h3 Bxh3 30. Kb3 g5 31. b5 g4 32. Kc4
g3 33. Kd4 g2 34. Ke5 Rf8 35. a4 g1=Q 36. a5 Qg7+ 37. Ke4 Rf5 38. a6 Qg4+
39. Ke3 Rf3+ 40. Ke2 Qg2+ 41. Ke1 Rf1# {White checkmated} 0-1

[Event "ICCopen2017"]
[Site "Internet Chess Club"]
[Date "2017.04.02"]
[Round "4"]
[White "Bishopmate"]
[Black "JimboPi"]
[Result "0-1"]
[ICCResult "White forfeits on time"]
[WhiteElo "1262"]
[BlackElo "1551"]
[Opening "Queen's pawn game"]
[ECO "A46"]
[NIC "QP.06"]
[Time "19:41:16"]
[TimeControl "180+0"]

1. d4 Nf6 2. Nf3 e6 3. g3 d5 4. Bg2 c5 5. e3 Nc6 6. a3 b6 7. b4 cxb4 8. axb4
Bxb4+ 9. c3 Bd6 10. Bb2 O-O 11. Ne5 Nxe5 12. dxe5 Bxe5 13. O-O Bb7 14. Re1
Rc8 15. Ba3 Bd6 16. Bb2 a5 17. Na3 Ne4 18. Bxe4 dxe4 19. Nb5 Be5 20. Qxd8
Rfxd8 21. Red1 Ba6 22. Nd4 Bd3 23. f3 g6 24. fxe4 Bxe4 25. Kf2 Kg7 26. Nf3
Bf6 27. Rxd8 Rxd8 28. Rc1 Bxf3 29. Kxf3 Rd2 30. Ba3 Rxh2 31. Bd6 Rb2
{White forfeits on time}
0-1

[Event "ICCopen2017"]
[Site "Internet Chess Club"]
[Date "2017.04.02"]
[Round "4"]
[White "shally"]
[Black "Quinten1994"]
[Result "0-1"]
[ICCResult "White resigns"]
[WhiteElo "1859"]
[BlackElo "2277"]
[Opening "Nimzovich-Larsen attack"]
[ECO "A01"]
[NIC "VO.08"]
[Time "19:41:33"]
[TimeControl "180+0"]

1. b3 d6 2. Bb2 Nd7 3. e3 Ngf6 4. f4 g6 5. Nf3 Bg7 6. d4 O-O 7. Bd3 e5 8.
dxe5 dxe5 9. Nxe5 Ng4 10. Qe2 Ngxe5 11. fxe5 Nxe5 12. Nc3 Bg4 13. Qd2 Nxd3+
14. cxd3 Re8 15. e4 f5 16. O-O fxe4 17. Nxe4 Rxe4 18. Bxg7 Kxg7 19. Qc3+
Qd4+ 20. Qxd4+ Rxd4 21. Rac1 c6 22. h3 Bf5 23. g4 Bxd3 24. Rfe1 Rf8 25. Re7+
Rf7 26. Rce1 Rd7 27. R7e3 Ba6 28. Kg2 c5 29. Kg3 c4 30. b4 Rd3 31. Kh4 Rxe3
32. Rxe3 b5 33. Re5 h6 34. a4 bxa4 35. b5 Bb7 36. Rc5 a3 37. Rxc4 g5+ 38.
Kh5 a2 39. Ra4 Be4 40. Rxe4 a1=Q 41. Re6 Qf6 42. Rxf6 Rxf6 43. h4 gxh4 44.
Kxh4 Rb6 {White resigns} 0-1

[Event "ICCopen2017"]
[Site "Internet Chess Club"]
[Date "2017.04.02"]
[Round "4"]
[White "tigerr"]
[Black "cloak1"]
[Result "1-0"]
[ICCResult "Black checkmated"]
[WhiteElo "2268"]
[BlackElo "1832"]
[Opening "Réti: King's Indian attack"]
[ECO "A08"]
[NIC "QP.09"]
[Time "19:42:07"]
[TimeControl "180+0"]

1. Nf3 d5 2. g3 c5 3. Bg2 Nc6 4. O-O e5 5. d3 Nf6 6. e4 d4 7. Nbd2 Bd6 8.
Ne1 O-O 9. f4 Nd7 10. f5 Be7 11. g4 Bg5 12. Nef3 Be3+ 13. Kh1 Nf6 14. g5 Ng4
15. Qe2 c4 16. Nxc4 Bxc1 17. Raxc1 b5 18. h3 bxc4 19. hxg4 c3 20. bxc3 dxc3
21. Qe3 f6 22. Rcd1 Nd4 23. gxf6 Qxf6 24. g5 Qd6 25. Nxd4 exd4 26. Qf4 Qe7
27. f6 Qd7 28. e5 Rb8 29. e6 Qxe6 30. Qxb8 Qg4 31. Bd5+ Kh8 32. fxg7+ Kxg7
33. Qe5+ Kg6 34. Rf6+ Kh5 35. Rh6# {Black checkmated} 1-0

[Event "ICCopen2017"]
[Site "Internet Chess Club"]
[Date "2017.04.02"]
[Round "4"]
[White "Salvatore"]
[Black "Magagna"]
[Result "0-1"]
[ICCResult "White resigns"]
[WhiteElo "1453"]
[BlackElo "1753"]
[Opening "Petrov: Italian variation"]
[ECO "C42"]
[NIC "RG.01"]
[Time "19:41:18"]
[TimeControl "180+0"]

1. e4 e5 2. Nf3 Nf6 3. Bc4 d6 4. d3 Nc6 5. h3 Be7 6. O-O O-O 7. a3 Be6 8.
Ba2 d5 9. exd5 Bxd5 10. c4 Bxf3 11. Qxf3 Nd4 12. Qd1 c5 13. Nc3 a6 14. Bg5
Qd7 15. Nd5 Nxd5 16. Bxe7 Nxe7 17. Rc1 Nec6 18. Qh5 Qf5 19. Qxf5 Nxf5 20.
Rfe1 Rfd8 21. Bb1 Nfd4 22. b4 cxb4 23. axb4 f6 24. c5 Nxb4 25. Rc4 Nbc6 26.
Ba2 Kf8 27. Rb1 Rd7 28. Kh2 Rad8 29. Rcc1 Nb5 30. Bc4 Na3 31. Rb3 Nxc4 32.
dxc4 Na5 33. Rb4 Rc8 34. c6 Rxc6 35. Ra4 Nb3 36. Rc3 Nc5 37. Ra1 Ne4 38.
Rcc1 Nxf2 39. c5 e4 40. Ra2 e3 41. Re1 Re7 42. Rae2 Nd3 43. Rd1 Nxc5 44.
Rd8+ Kf7 45. Rh8 h6 46. g4 Rd6 47. Kg3 Rd2 48. Kf3 Rxe2 49. Kxe2 b5 50. Rb8
Nb3 51. Rb6 Nd4+ 52. Ke1 a5 53. h4 b4 54. g5 hxg5 55. hxg5 fxg5 56. Ra6 b3
57. Rxa5 b2 {White resigns} 0-1

[Event "ICCopen2017"]
[Site "Internet Chess Club"]
[Date "2017.04.02"]
[Round "4"]
[White "jabulina"]
[Black "kaalzar"]
[Result "1-0"]
[ICCResult "Black forfeits on time"]
[WhiteElo "1726"]
[BlackElo "1352"]
[Opening "Giuoco Piano"]
[ECO "C50"]
[NIC "IG.02"]
[Time "19:41:06"]
[TimeControl "180+0"]

1. e4 e5 2. Nf3 Nc6 3. Bc4 Bc5 4. O-O d6 5. c3 Bg4 6. d3 Nf6 7. Be3 Bb6 8.
Nbd2 O-O 9. b4 a6 10. a4 Nh5 11. h3 Bxf3 12. Qxf3 Qh4 13. Rfe1 Kh8 14. Nf1
f5 15. exf5 Rf6 16. g4 Nf4 17. Bxf4 exf4 18. d4 Rh6 19. Kg2 Bxd4 20. Re6 Ne5
21. Rxh6 Qxh6 22. Qe4 f3+ 23. Kh2 Bxf2 24. f6 gxf6 25. Ra2 Bb6 26. Be6 Re8
27. Bf5 Qh4 28. Ng3 f2 29. Rxf2 Bxf2 30. Qf4 {Black forfeits on time} 1-0

[Event "ICCopen2017"]
[Site "Internet Chess Club"]
[Date "2017.04.02"]
[Round "4"]
[White "mvillalba"]
[Black "oli2"]
[Result "0-1"]
[ICCResult "White resigns"]
[WhiteElo "2154"]
[BlackElo "1727"]
[Opening "Sicilian: Scheveningen, Tal variation"]
[ECO "B45"]
[NIC "SI.39"]
[Time "19:41:04"]
[TimeControl "180+0"]

1. e4 c5 2. Nf3 e6 3. d4 cxd4 4. Nxd4 Nc6 5. Nc3 d6 6. f4 Nf6 7. Be3 Be7 8.
Qf3 O-O 9. O-O-O Qc7 10. Be2 Nxd4 11. Bxd4 e5 12. fxe5 dxe5 13. Be3 Be6 14.
Bg5 Rac8 15. Bd3 Rfd8 16. Rdf1 Qa5 17. Bd2 Bb4 18. Qg3 Bxc3 19. Bxc3 Rxc3
20. bxc3 Qxc3 21. Rxf6 Qa1+ 22. Kd2 Qxh1 23. Rf1 Qxf1 24. Qxe5 Qf2+ 25. Kd1
Bg4+ 26. Kc1 Qe1+ 27. Kb2 Qb4+ 28. Kc1 Be6 29. h4 b6 30. h5 Rxd3 31. cxd3
Qc5+ 32. Qxc5 bxc5 33. a3 g6 34. h6 Kf8 35. Kd2 Ke7 36. Ke3 Kd6 37. Kf4 f6
38. g4 g5+ 39. Kf3 Ke5 40. Ke3 Bxg4 41. a4 Bd7 42. a5 Bb5 {White resigns}
0-1

[Event "ICCopen2017"]
[Site "Internet Chess Club"]
[Date "2017.04.02"]
[Round "4"]
[White "Strider25"]
[Black "Spirals"]
[Result "0-1"]
[ICCResult "White resigns"]
[WhiteElo "1824"]
[BlackElo "2182"]
[Opening "Bird's opening: Lasker variation"]
[ECO "A03"]
[NIC "VO.07"]
[Time "19:41:53"]
[TimeControl "180+0"]

1. f4 d5 2. Nf3 Nf6 3. e3 c5 4. Bb5+ Bd7 5. Bxd7+ Nbxd7 6. b3 e6 7. Bb2 Bd6
8. O-O Qc7 9. d3 O-O 10. Qe1 e5 11. g3 Rfe8 12. Qc1 Rac8 13. Nc3 a6 14. fxe5
Nxe5 15. e4 d4 16. Ne2 Neg4 17. Qg5 h6 18. Qd2 Ne3 19. Rf2 Nfg4 20. Raf1
Nxf2 21. Rxf2 b5 22. Nf4 Bxf4 23. gxf4 Qxf4 24. Kh1 Qg4 25. Nxd4 cxd4 26.
Bxd4 Qd1+ 27. Qxd1 Nxd1 28. Rg2 g6 {White resigns} 0-1

[Event "ICCopen2017"]
[Site "Internet Chess Club"]
[Date "2017.04.02"]
[Round "4"]
[White "lustigbridge"]
[Black "rovov"]
[Result "1-0"]
[ICCResult "Black forfeits on time"]
[WhiteElo "1889"]
[BlackElo "1761"]
[Opening "French: advance, Paulsen attack"]
[ECO "C02"]
[NIC "FR.03"]
[Time "19:41:07"]
[TimeControl "180+0"]

1. e4 e6 2. d4 d5 3. e5 c5 4. c3 Nc6 5. Nf3 Qb6 6. a3 Bd7 7. b4 cxd4 8. cxd4
Rc8 9. Bb2 Na5 10. Nc3 Nc4 11. Bxc4 Rxc4 12. O-O Ne7 13. Na4 Bxa4 14. Qxa4+
Qc6 15. Qxa7 Nf5 16. Qb8+ Qc8 17. Qxc8+ Rxc8 18. Rfc1 Kd7 19. Rxc8 Kxc8 20.
Rc1+ Kd7 21. g4 Nh6 22. h3 Be7 23. Rc2 b5 24. Bc1 Ra8 25. Bxh6 gxh6 26. Rc3
Ra6 27. Kf1 Bf8 28. Ne1 Be7 29. Nd3 Kd8 30. f4 Kd7 31. Ke2 Ra7 32. Kd2 Ra6
33. Kc2 Ra7 34. Kb3 Ra6 35. Nc5+ Bxc5 36. Rxc5 Rb6 37. a4 bxa4+ 38. Kxa4
Ra6+ 39. Ra5 Rc6 40. Kb5 Rc3 41. Ra7+ Ke8 42. Ra8+ Ke7 43. Rh8 Rxh3 44. f5
exf5 45. gxf5 Rf3 46. f6+ Ke6 47. Rxh7 Rd3 48. Kc5 Rc3+ 49. Kb5 Rd3 50. Rxh6
Rxd4 51. Kc5 Re4 52. b5 Rxe5 53. b6 Re1 54. Rh4 Rb1 55. Rb4 Kxf6 56. Rxb1 d4
57. Rd1 d3 58. Rxd3 {Black forfeits on time} 1-0

[Event "ICCopen2017"]
[Site "Internet Chess Club"]
[Date "2017.04.02"]
[Round "4"]
[White "SemiBluff"]
[Black "soyleyenda"]
[Result "1-0"]
[ICCResult "Black checkmated"]
[WhiteElo "2064"]
[BlackElo "1641"]
[Opening "English: ultra-symmetrical variation"]
[ECO "A36"]
[NIC "EO.31"]
[Time "19:41:14"]
[TimeControl "180+0"]

1. g3 c5 2. c4 Nc6 3. Bg2 g6 4. Nc3 Bg7 5. a3 d6 6. Rb1 e5 7. b4 cxb4 8.
axb4 Nge7 9. d3 O-O 10. Nf3 h6 11. O-O Be6 12. b5 Nd4 13. Nxd4 exd4 14. Ne4
Qd7 15. Re1 f5 16. Nd2 g5 17. Nf3 Ng6 18. Bb2 f4 19. Bxd4 fxg3 20. hxg3 Rxf3
21. Bxg7 Rxf2 22. Kxf2 Kxg7 23. Kg1 Bh3 24. Qd2 Ne5 25. Qe3 Re8 26. Qd4 Kh7
27. Rf1 Bxg2 28. Kxg2 Ng6 29. Rf2 Ne5 30. Rbf1 Re7 31. Qc3 Ng4 32. Qd4 Ne3+
33. Kg1 Qh3 34. Rf7+ Kg6 35. Qf6+ Kh5 36. Qf3+ g4 37. Rf5+ Kg6 38. Rf6+ Kg5
39. Qf4+ Kh5 40. Rxh6# {Black checkmated} 1-0

[Event "ICCopen2017"]
[Site "Internet Chess Club"]
[Date "2017.04.02"]
[Round "4"]
[White "tirandopiezas"]
[Black "MrNobody84"]
[Result "1-0"]
[ICCResult "Black forfeits on time"]
[WhiteElo "2012"]
[BlackElo "1628"]
[Opening "Sicilian defense"]
[ECO "B30"]
[NIC "SI.31"]
[Time "19:41:39"]
[TimeControl "180+0"]

1. e4 c5 2. Nf3 Nc6 3. Nc3 e5 4. Bc4 h6 5. O-O d6 6. d3 Nf6 7. Nd5 Be7 8. c3
O-O 9. a3 a6 10. Ba2 b5 11. b4 c4 12. dxc4 Nxe4 13. cxb5 axb5 14. Qe2 Bf5
15. Qxb5 Rc8 16. Rd1 Bg5 17. Nxg5 Nxg5 18. Qe2 e4 19. Bf4 h5 20. Ne3 Bg6 21.
Rxd6 Qe7 22. Rxg6 Ne5 23. Rxg5 {Black forfeits on time} 1-0

[Event "ICCopen2017"]
[Site "Internet Chess Club"]
[Date "2017.04.02"]
[Round "4"]
[White "MassCarnage"]
[Black "Commando"]
[Result "0-1"]
[ICCResult "White resigns"]
[WhiteElo "1969"]
[BlackElo "2496"]
[Opening "Blackmar gambit"]
[ECO "B01"]
[NIC "VO.17"]
[Time "19:41:34"]
[TimeControl "180+0"]

1. e4 d5 2. d4 dxe4 3. Nc3 Nf6 4. f3 e3 5. Bxe3 g6 6. Bc4 Bg7 7. Nge2 O-O 8.
O-O Nc6 9. Qd2 Na5 10. Bd3 Be6 11. Bh6 Nc4 12. Bxc4 Bxc4 13. Bxg7 Kxg7 14.
Rad1 Qd7 15. Rfe1 Rad8 16. Ng3 Rfe8 17. Qf4 Qd6 18. Qh4 h6 19. Nce4 Qb6 20.
b3 Rxd4 21. Kh1 Be6 22. Nxf6 Rxh4 23. Nxe8+ Kf8 24. Rd8 Qf2 25. Rxe6 fxe6
26. Nxc7+ Kf7 {White resigns} 0-1

[Event "ICCopen2017"]
[Site "Internet Chess Club"]
[Date "2017.04.02"]
[Round "4"]
[White "kabindra"]
[Black "sacov"]
[Result "0-1"]
[ICCResult "White resigns"]
[WhiteElo "1580"]
[BlackElo "2195"]
[Opening "Scandinavian (center counter) defense"]
[ECO "B01"]
[NIC "VO.17"]
[Time "19:42:15"]
[TimeControl "180+0"]

1. e4 d5 2. e5 c5 3. c3 Nc6 4. d4 Bf5 5. a3 e6 6. Nf3 Nge7 7. Bd3 Bg6 8.
Bxg6 hxg6 9. h3 cxd4 10. cxd4 Nf5 11. Qa4 Qb6 12. O-O Be7 13. b4 Nxd4 14.
Nxd4 Qxd4 15. Ra2 Qxe5 16. b5 Bd6 17. g3 Rxh3 18. Bf4 Qh5 19. bxc6 b5 20.
Qxb5 Rb8 21. c7+ Rxb5 22. c8=Q+ Ke7 23. Bxd6+ Kxd6 24. Qd8+ Ke5 25. Re1+ Kf5
26. Nc3 Qf3 27. Re5+ Kxe5 28. Re2+ Kf5 {White resigns} 0-1

[Event "ICCopen2017"]
[Site "Internet Chess Club"]
[Date "2017.04.02"]
[Round "4"]
[White "TorelliMirco"]
[Black "Ajolote"]
[Result "0-1"]
[ICCResult "White forfeits on time"]
[WhiteElo "1709"]
[BlackElo "1496"]
[Opening "QGD: 4.Bg5"]
[ECO "D50"]
[NIC "QO.16"]
[Time "19:40:47"]
[TimeControl "180+0"]

1. d4 Nf6 2. c4 d5 3. Nc3 e6 4. Bg5 Bb4 5. e3 h6 6. Bh4 g5 7. Bg3 Ne4 8. Rc1
c5 9. Be5 f6 10. Qh5+ Ke7 11. Bxb8 Rxb8 12. Nf3 cxd4 13. exd4 Bd7 14. Bd3
Be8 15. Qh3 Bg6 16. O-O Nxc3 17. bxc3 Bxd3 18. Rfe1 Be4 19. cxb4 h5 20. cxd5
Qxd5 21. Rxe4 g4 22. Rxg4 hxg4 23. Qxg4 Rbg8 24. Qf4 Rc8 25. Re1 Rc2 26. g3
Rxa2 27. Qg4 Rf8 28. Qg7+ Rf7 29. Qg8 Rf8 30. Rc1 Qd7 {White forfeits on
time} 0-1

[Event "ICCopen2017"]
[Site "Internet Chess Club"]
[Date "2017.04.02"]
[Round "4"]
[White "BillietheKid"]
[Black "hecan58"]
[Result "0-1"]
[ICCResult "White forfeits on time"]
[WhiteElo "1420"]
[BlackElo "1741"]
[Opening "Scandinavian defense"]
[ECO "B01"]
[NIC "SD.03"]
[Time "19:40:59"]
[TimeControl "180+0"]

1. e4 d5 2. exd5 Nf6 3. d6 Qxd6 4. Nf3 Nc6 5. Be2 Bg4 6. d3 O-O-O 7. Nc3 e5
8. Bg5 Kb8 9. O-O Qb4 10. Ne4 Be7 11. a3 Qxb2 12. Nxf6 gxf6 13. Be3 Rhg8 14.
Nd2 Bxe2 15. Qxe2 Qxc2 16. Rfc1 Qa4 17. Rc4 Qa6 18. Rb1 f5 19. Nb3 f4 20.
Bc5 Bd6 21. Bxd6 cxd6 22. Qe4 d5 23. Rxc6 dxe4 24. Rxa6 bxa6 25. dxe4 Ka8
26. Nc5 Rb8 27. Ra1 Rgd8 28. Nxa6 Rb2 29. Nc5 Rdd2 30. Rf1 Ra2 31. Na6 Rxa3
{White forfeits on time}
0-1

[Event "ICCopen2017"]
[Site "Internet Chess Club"]
[Date "2017.04.02"]
[Round "4"]
[White "Harmony1957"]
[Black "notetengomiedo"]
[Result "0-1"]
[ICCResult "White resigns"]
[WhiteElo "2218"]
[BlackElo "1900"]
[Opening "Owen defense"]
[ECO "B00"]
[NIC "VO.02"]
[Time "19:41:18"]
[TimeControl "180+0"]

1. e4 b6 2. d4 Bb7 3. Bd3 Nf6 4. Nc3 e6 5. Nf3 Bb4 6. Qe2 d5 7. e5 Ne4 8.
O-O Nxc3 9. bxc3 Bxc3 10. Rb1 Nc6 11. Bg5 Nxd4 12. Bb5+ Kf8 13. Nxd4 Qxg5
14. Nc6 Bxc6 15. Bxc6 Rd8 16. f4 Bd4+ 17. Kh1 Qh4 18. f5 Ke7 19. Rb4 Qe4 20.
Qh5 Qxe5 21. Qh4+ Kd6 22. Ba4 Bc5 23. Rbf4 g5 24. fxg6 hxg6 25. Qg3 Be3 26.
Rc4 Qxg3 27. Rc6+ Ke7 28. Rxc7+ Kd6 29. Rc6+ Ke5 {White resigns} 0-1

[Event "ICCopen2017"]
[Site "Internet Chess Club"]
[Date "2017.04.02"]
[Round "4"]
[White "DaGame"]
[Black "adypady"]
[Result "1-0"]
[ICCResult "Black resigns"]
[WhiteElo "2720"]
[BlackElo "2454"]
[Opening "Réti: King's Indian attack"]
[ECO "A05"]
[NIC "QP.11"]
[Time "19:41:52"]
[TimeControl "180+0"]

1. Nf3 Nf6 2. g3 g6 3. Bg2 Bg7 4. d4 O-O 5. O-O d6 6. b3 e5 7. dxe5 dxe5 8.
Ba3 Re8 9. Qxd8 Rxd8 10. Nc3 Nc6 11. Rad1 Bf5 12. Rxd8+ Rxd8 13. Rc1 Bf8 14.
Bxf8 Kxf8 15. Ng5 h6 16. Bxc6 bxc6 17. Nf3 Nd7 18. Rd1 Ke7 19. e4 Bg4 20.
Kg2 f6 21. h3 Be6 22. Na4 Rb8 23. Ne1 f5 24. f3 fxe4 25. fxe4 Rb4 26. c4
Bxc4 27. Nc2 Be2 28. Rxd7+ Kxd7 29. Nxb4 Kd6 30. Kf2 Bb5 31. Nc3 Kc5 32.
Nxb5 cxb5 33. Nd5 c6 34. Ne7 g5 35. Ke3 a5 36. a3 h5 37. g4 h4 38. Kd3 b4
39. axb4+ Kxb4 40. Nxc6+ Kxb3 41. Nxa5+ {Black resigns} 1-0

[Event "ICCopen2017"]
[Site "Internet Chess Club"]
[Date "2017.04.02"]
[Round "4"]
[White "spoks7th"]
[Black "Rszteinbaum"]
[Result "1-0"]
[ICCResult "Black resigns"]
[WhiteElo "2124"]
[BlackElo "1411"]
[Opening "Sicilian: Richter-Rauzer, Rauzer attack, 7...Be7"]
[ECO "B63"]
[NIC "SI.28"]
[Time "19:41:24"]
[TimeControl "180+0"]

1. e4 c5 2. Nf3 Nc6 3. d4 cxd4 4. Nxd4 Nf6 5. Nc3 d6 6. Bg5 e6 7. Qd2 Be7 8.
O-O-O O-O 9. h4 a6 10. f3 Re8 11. g4 Qb6 12. Be3 Qc7 13. g5 Nd7 14. h5 Nxd4
15. Qxd4 Ne5 16. Be2 b5 17. h6 Bf8 18. hxg7 Bxg7 19. Qxd6 Qa5 20. Bd4 Rd8
21. Qb6 Qxb6 22. Bxb6 Rxd1+ 23. Rxd1 Bb7 24. Be3 Rc8 25. Bd4 Nc4 26. Bxg7
Kxg7 27. Rd7 Bc6 28. Ra7 Ra8 29. Rxa8 Bxa8 30. Bxc4 bxc4 31. Kd2 Bc6 32. Ke3
f5 33. exf5 exf5 34. f4 Kf7 35. Kd4 {Black resigns} 1-0

[Event "ICCopen2017"]
[Site "Internet Chess Club"]
[Date "2017.04.02"]
[Round "4"]
[White "yijiqishi"]
[Black "Maxbet"]
[Result "0-1"]
[ICCResult "White checkmated"]
[WhiteElo "1943"]
[BlackElo "2695"]
[Opening "King's Indian: fianchetto, classical variation, 8.e4"]
[ECO "E68"]
[NIC "KI.64"]
[Time "19:40:48"]
[TimeControl "180+0"]

1. d4 Nf6 2. c4 g6 3. g3 Bg7 4. Bg2 O-O 5. Nc3 d6 6. Nf3 Nbd7 7. O-O e5 8.
e4 exd4 9. Nxd4 Re8 10. h3 Nc5 11. Be3 Ncxe4 12. Nxe4 Nxe4 13. Qc2 Nc5 14.
Rad1 Ne6 15. Nxe6 Bxe6 16. c5 d5 17. c6 b6 18. Bd4 Bxd4 19. Rxd4 Qf6 20.
Rfd1 Rad8 21. Bxd5 Bxh3 22. Rf4 Bf5 23. Qc4 h5 24. b4 Rd6 25. b5 Kg7 26. Kh2
Re5 27. Bf3 Rxd1 28. Bxd1 Rc5 29. Qb4 Qe5 30. a4 Rc1 31. Qd2 Rb1 32. Rd4 Be6
33. Rd8 Rb2 34. Bc2 h4 35. Rd3 hxg3+ 36. Rxg3 Bf5 37. Kg1 Rxc2 38. Qd8 Qe1+
39. Kh2 Qxf2+ 40. Kh1 Be4+ 41. Rf3 Rc1+ 42. Qd1 Rxd1# {White checkmated} 0-1

[Event "ICCopen2017"]
[Site "Internet Chess Club"]
[Date "2017.04.02"]
[Round "4"]
[White "shirovinster"]
[Black "FlashGordon"]
[Result "1-0"]
[ICCResult "Black checkmated"]
[WhiteElo "1742"]
[BlackElo "1148"]
[Opening "Sicilian: closed, 2...Nc6"]
[ECO "B23"]
[NIC "SI.44"]
[Time "19:41:52"]
[TimeControl "180+0"]

1. e4 c5 2. Nc3 Nc6 3. Nf3 g6 4. Bb5 Bg7 5. Bxc6 dxc6 6. d3 e5 7. h3 Ne7 8.
O-O h6 9. Be3 b6 10. a4 Be6 11. a5 Rb8 12. axb6 axb6 13. Qd2 Qd7 14. Ra6
Bxh3 15. gxh3 Qxh3 16. Nh2 h5 17. f3 Bh6 18. Bxh6 Rxh6 19. Qxh6 Qg3+ 20. Kh1
Kd7 21. Ra7+ Kd6 22. Qe3 h4 23. Qf2 Qf4 24. Ne2 Qf6 25. f4 g5 26. fxe5+ Qxe5
27. Qxf7 g4 28. Qf6+ Qxf6 29. Rxf6+ Ke5 30. Rh6 Re8 31. Nxg4# {Black
checkmated} 1-0

[Event "ICCopen2017"]
[Site "Internet Chess Club"]
[Date "2017.04.02"]
[Round "4"]
[White "DreadHead"]
[Black "olimpus"]
[Result "0-1"]
[ICCResult "White resigns"]
[WhiteElo "2463"]
[BlackElo "2699"]
[Opening "Nimzovich-Larsen attack: classical variation"]
[ECO "A01"]
[NIC "VO.08"]
[Time "19:42:41"]
[TimeControl "180+0"]

1. b3 d5 2. e3 c6 3. Bb2 Bf5 4. Nf3 Nd7 5. d4 e6 6. Bd3 Bg6 7. O-O Ngf6 8.
Bxg6 hxg6 9. Nbd2 Bd6 10. Ne5 Qe7 11. f4 Ba3 12. Qc1 Bxb2 13. Qxb2 Nxe5 14.
dxe5 Ng4 15. h3 Nxe3 16. Rf3 Qc5 17. Kh1 a5 18. c4 Nf5 19. cxd5 exd5 20. Rc1
Qd4 21. Qc2 a4 22. g4 Ne3 23. Qc3 Qxc3 24. Rxc3 d4 25. Rd3 axb3 26. axb3
Ra1+ 27. Kh2 Nxg4+ 28. Kg3 Ne3 29. Rxd4 Nf5+ {White resigns} 0-1

[Event "ICCopen2017"]
[Site "Internet Chess Club"]
[Date "2017.04.02"]
[Round "4"]
[White "RWu"]
[Black "devotional"]
[Result "1-0"]
[ICCResult "Black checkmated"]
[WhiteElo "1769"]
[BlackElo "2118"]
[Opening "Petrov: classical attack, Marshall variation"]
[ECO "C42"]
[NIC "RG.04"]
[Time "19:40:38"]
[TimeControl "180+0"]

1. e4 e5 2. Nf3 Nf6 3. Nxe5 d6 4. Nf3 Nxe4 5. d4 d5 6. Bd3 Bd6 7. O-O O-O 8.
Nc3 Bf5 9. Ne2 Nd7 10. Ng3 Nxg3 11. hxg3 Bxd3 12. Qxd3 h6 13. Be3 Re8 14.
Qf5 c6 15. Rfe1 Nb6 16. Qg4 Qf6 17. Nh4 Re4 18. Qh3 Rae8 19. Nf5 Bb4 20. c3
Bf8 21. Qh5 Nc4 22. b3 Nxe3 23. Nxe3 g6 24. Qh3 h5 25. Red1 Bh6 26. Rd3 Bxe3
27. fxe3 Rxe3 28. Rxe3 Rxe3 29. Qc8+ Kg7 30. Qxb7 Rxc3 31. Qxa7 Rc2 32. Rf1
Qe6 33. a4 h4 34. gxh4 c5 35. dxc5 d4 36. c6 d3 37. Qd4+ Kg8 38. Qxd3 Qxc6
39. Qf3 Qc5+ 40. Kh2 Qe7 41. a5 Qxh4+ 42. Kg1 Qd4+ 43. Kh2 f5 44. Qg3 Rc6
45. Rf4 Qd6 46. b4 Kf7 47. b5 Rc5 48. Rxf5+ Ke7 49. Rf7+ Ke6 50. Rf6+ Kxf6
51. Qxd6+ Kg7 52. Qxc5 Kh6 53. b6 g5 54. b7 Kh5 55. b8=Q Kh4 56. Qh8+ Kg4
57. Qh3+ Kf4 58. Qf3# {Black checkmated} 1-0

[Event "ICCopen2017"]
[Site "Internet Chess Club"]
[Date "2017.04.02"]
[Round "4"]
[White "J575"]
[Black "Ninjakiwi17"]
[Result "0-1"]
[ICCResult "White resigns"]
[WhiteElo "1683"]
[BlackElo "2330"]
[Opening "Nimzo-Indian: 4.e3 c5, 5.Ne2 (Rubinstein, anti-Hübner system)"]
[ECO "E42"]
[NIC "NI.16"]
[Time "19:41:01"]
[TimeControl "180+0"]

1. d4 Nf6 2. c4 e6 3. Nc3 Bb4 4. e3 c5 5. Ne2 d5 6. a3 Bxc3+ 7. Nxc3 cxd4 8.
exd4 Nc6 9. Be3 O-O 10. Rc1 a6 11. Be2 dxc4 12. Bxc4 b5 13. Ba2 Bb7 14. O-O
Ne7 15. Bg5 Nfd5 16. Nxd5 Bxd5 17. Bxd5 exd5 18. Re1 f6 19. Bf4 Ng6 20. Bg3
Qd7 21. Rc7 Qf5 22. Qf3 Qxf3 23. gxf3 Rfe8 24. Rec1 Re2 25. b4 Rae8 26. Rc8
Kf7 27. Rxe8 Rxe8 28. Rc6 Re6 29. Rc7+ Re7 30. Rc5 Rd7 31. Kf1 Ne7 32. Ke2
Nf5 33. Kd3 h5 34. h4 g5 35. hxg5 fxg5 36. Be5 h4 37. Rc8 h3 38. Rh8 Nh4 39.
Ke2 Kg6 40. Bg3 Nf5 41. Kd3 Nxg3 42. fxg3 Rf7 43. Rxh3 Rxf3+ 44. Kd2 Rxa3
45. Ke2 Rb3 46. Kf2 Rxb4 47. Rh8 Rxd4 48. Ra8 Ra4 49. Rd8 d4 50. g4 d3 51.
Kf3 Rf4+ 52. Kg3 a5 53. Rxd3 a4 54. Rd6+ Kf7 55. Ra6 Rb4 56. Ra7+ Kf6 57.
Ra6+ Ke5 58. Rg6 Rb3+ 59. Kf2 Kf4 60. Rc6 Kxg4 61. Kg2 Rb2+ 62. Kf1 a3 63.
Rc3 a2 {White resigns} 0-1

[Event "ICCopen2017"]
[Site "Internet Chess Club"]
[Date "2017.04.02"]
[Round "4"]
[White "Bojack"]
[Black "Mmario"]
[Result "0-1"]
[ICCResult "White resigns"]
[WhiteElo "2186"]
[BlackElo "2705"]
[Opening "Sicilian: Richter-Rauzer, Rauzer attack, 7...a6 defense, 8...Bd7"]
[ECO "B67"]
[NIC "SI.30"]
[Time "19:41:45"]
[TimeControl "180+0"]

1. e4 c5 2. Nf3 d6 3. d4 cxd4 4. Nxd4 Nf6 5. Nc3 Nc6 6. Bg5 e6 7. Qd2 a6 8.
O-O-O Bd7 9. f3 h6 10. Be3 b5 11. g4 Rc8 12. Nxc6 Bxc6 13. Ne2 e5 14. Nc3
Qa5 15. Kb1 b4 16. Nd5 Nxd5 17. exd5 Bb5 18. f4 e4 19. Qd4 Be7 20. Qxg7 Rf8
21. f5 Ba4 22. b3 Bb5 23. Rd2 Rc3 24. Bxb5+ axb5 25. Re1 Kd7 26. Kc1 Qxa2
27. Kd1 Qa1+ 28. Ke2 Rxe3+ 29. Kxe3 Qxg7 {White resigns} 0-1